 Dungeon Crawl Stone Soup version 0.31-a0-702-gf82c85558f (webtiles) character file.

Game seed: 15371854492674857949

42 qw the Shooter (level 3, -10/22 HPs)
             Began as a Gargoyle Hunter on Sept 7, 2023.
             Killed from afar by Ijyb (16 damage)
             ... with a bolt of acid
             ... on level 3 of the Dungeon.
             The game lasted 00:00:25 (1558 turns).

qw the Shooter (Gargoyle Hunter)                    Turns: 1558, Time: 00:00:25

Health: -10/22     AC:  8    Str: 14    XL:     3   Next: 54%
Magic:  3/3        EV: 10    Int:  9    God:
Gold:   67         SH:  0    Dex: 15    Spells: 2/2 levels left

rFire   . . .        Y - +0 shortbow
rCold   . . .        (shield currently unavailable)
rNeg    + . .        h - +0 ring mail
rPois   inf          (no helmet)
rElec   +            (no cloak)
rCorr   .            (no gloves)
SInv    .            (no boots)
Will    .....        f - amulet of faith
Stlth   +            (no ring)
HPRegen 0.23/turn    (no ring)
MPRegen 0.08/turn

%: faith
@: no status effects
A: sickness immunity, AC +3, negative energy resistance 1, electricity
resistance, torment resistance 1, petrification resistance
a: no special abilities


You were on level 3 of the Dungeon.
You visited 1 branch of the dungeon, and saw 3 of its levels.

You collected 67 gold pieces.


Innate Abilities, Weirdness & Mutations

You are immune to sickness and miasma.
Your stone body is resilient. (AC +3)
You are immune to poison.
You resist negative energy. (rN+)
You are resistant to electric shocks. (rElec)
You are resistant to unholy torment.
You are immune to petrification.


   Skills:
 + Level 2.3 Fighting
 - Level 5.0 Ranged Weapons
 - Level 1.0 Armour
 - Level 1.5 Dodging
 - Level 1.1 Stealth


You had 2 spell levels left.
You didn't know any spells.
Your spell library was empty.

Inventory:

Hand Weapons
 Y - a +0 shortbow (weapon)
Armour
 h - a +0 ring mail (worn)
Jewellery
 f - an amulet of faith (around neck)
Potions
 a - a potion of degeneration {unknown}
 b - a potion of curing {unknown}
 d - a potion of mutation {unknown}
 e - a potion of enlightenment {unknown}
 g - a potion of haste {unknown}

Dungeon Overview and Level Annotations

Branches:
Dungeon (3/15)

Altars:
Ru

Annotations:
D:3 Ijyb


Message History

Waypoint 2 assigned to D:3.
Ijyb the Twisted Goblin comes into view.
She is wielding a +0 club and carrying a wand of acid.
Ijyb shouts!
You shoot an arrow. The arrow hits Ijyb but does no damage.
You shoot an arrow. The arrow barely misses Ijyb.
You shoot an arrow. The arrow barely misses Ijyb.
You shoot an arrow. The arrow closely misses Ijyb.
Ijyb zaps a wand.
The bolt of acid misses you.
You shoot an arrow. The arrow closely misses Ijyb.
Ijyb screams, "You nasty!
Big nasty!"
You shoot an arrow. The arrow closely misses Ijyb.
Ijyb hits you with a +0 club.
You shoot an arrow. The arrow hits Ijyb!
Ijyb is moderately wounded.
Ijyb closely misses you.
You shoot an arrow. The arrow barely misses Ijyb.
Ijyb hits you but does no damage.
Ijyb zaps a wand.
The bolt of acid hits you!
You shoot an arrow. The arrow hits Ijyb!
Ijyb is severely wounded.
Ijyb hits you with a +0 club.
1553 ||| READING scroll of teleportation.
As you read the scroll of teleportation, it crumbles to dust.
You feel strangely unstable. Ijyb hits you but does no damage.
You shoot an arrow. The arrow closely misses Ijyb.
Ijyb hits you but does no damage.
You shoot an arrow. The arrow hits Ijyb but does no damage.
Ijyb is severely wounded.
Your surroundings seem slightly different.
Found a falchion.
You shoot an arrow. The arrow hits Ijyb.
Ijyb is severely wounded.
You shoot an arrow. The arrow hits Ijyb but does no damage.
Ijyb is severely wounded.
Ijyb hits you with a +0 club.
You shoot an arrow. The arrow hits Ijyb.
Ijyb is severely wounded.
Ijyb zaps a wand.
The bolt of acid hits you!
Ouch! That really hurt!
You die...

#..).......
#.........
#........ #.......
#....... ####......
........# #...g@#
#.....# #.....#
.##########.....###
...................
.......<........###
#.######....#####
######


You could see Ijyb.

Vanquished Creatures
  An adder (D:2)
  A ball python (D:1)
  An endoplasm (D:1)
  2 giant cockroaches (D:2)
  5 goblins
  3 hobgoblins (D:1)
  5 quokkas
  3 bats
  3 frilled lizards
  3 kobolds (D:1)
  A rat (D:1)
28 creatures vanquished.

Notes
Turn   | Place    | Note
-------+----------+-------------------------------------------
     0 | D:1      | qw the Gargoyle Hunter began the quest for the Orb.
     0 | D:1      | Reached XP level 1. HP: 12/12 MP: 1/1
     0 | D:1      | 0 ||| qw: Version: 0.3-a-76-g4403597
     0 | D:1      | 0 ||| qw: Game counter: 872
     0 | D:1      | 0 ||| qw: Melee chars always use a shield: true
     0 | D:1      | 0 ||| qw: God list: Okawaru
     0 | D:1      | 0 ||| qw: Allow faded altars: false
     0 | D:1      | 0 ||| qw: Do Orc after clearing Dungeon:15 true
     0 | D:1      | 0 ||| qw: Do second Lair branch before Depths: true
     0 | D:1      | 0 ||| qw: Lair rune preference: random
     0 | D:1      | 0 ||| qw: Goals: Normal
     0 | D:1      | 0 ||| PLANNING D:1-11
   146 | D:1      | Reached XP level 2. HP: 17/17 MP: 2/2
   416 | D:1      | Reached XP level 3. HP: 21/21 MP: 3/3
   648 | D:1      | 648 ||| UPGRADING to +0 ring mail.
   658 | D:1      | 658 ||| DROPPING +0 leather armour.
   659 | D:1      | 659 ||| READING scroll labelled HELAWNERAM.
   662 | D:1      | 662 ||| READING scroll labelled BUQ UTZADA.
   663 | D:1      | 663 ||| DRINKING 2 lumpy clear potions.
   664 | D:1      | 664 ||| DROPPING scroll of butterflies.
   665 | D:1      | 665 ||| DROPPING potion of magic.
   726 | D:2      | Reached skill level 1 in Armour
   879 | D:2      | Reached skill level 5 in Ranged Weapons
  1097 | D:2      | Found a sacrificial altar of Ru.
  1490 | D:2      | 1490 ||| UPGRADING to amulet of faith.
  1495 | D:2      | 1495 ||| READING scroll labelled BUONITZYNN.
  1543 | D:3      | Noticed Ijyb
  1552 | D:3      | HP: 5/22 [Ijyb/+0 club (5)]
  1553 | D:3      | 1553 ||| READING scroll of teleportation.
  1558 | D:3      | Killed from afar by Ijyb

Levels and vault maps discovered:
D:1:      giann_wishing_wells, layout_basic, minmay_hexomino_f4
D:2:      layout_basic, basic_altar
D:3:      layout_basic, makhleb_altar_promises_db,
          hellmonk_ecumenical_altar_run_dry, serial_shops,
          nicolae_shop_statue_plus, uniq_ijyb

Skill      XL: |  1  2  3 |
---------------+----------+-----
Armour         | 1 |  1.0
Ranged Weapons | 5 |  5.0
Fighting       | |  2.3
Dodging        | |  1.5
Stealth        | |  1.1

Action                     || total
---------------------------++-------
   Fire: Shortbow          ||    88
    Use: Scroll            ||     4
         Potion            ||     1
 Armour: Leather armour    ||     9
         Ring mail         ||    20
  Dodge: Dodged            ||    21

Table legend:
 A = Non-vault XP
 B = Vault XP
 C = Vault XP percentage of total XP
 D = Non-vault monster count
 E = Vault monster count
 F = Vault count percentage of total count
                 A         B        C        D         E       F
            +---------+---------+-------+---------+---------+-------
      Total |      54 |       6 |  10.0 |      24 |       4 |  14.3
            +---------+---------+-------+---------+---------+-------
        D:1 |      30 |       6 |  16.7 |      17 |       4 |  19.0
        D:2 |      24 |       0 |   0.0 |       7 |       0 |   0.0
            +---------+---------+-------+---------+---------+-------
